 Dungeon Crawl Stone Soup version 0.27-a0-1230-gfc7c993222 (webtiles) character file.

Game seed: 14162017535191249717

103 Ethylacetat the Ruffian (level 4, -1/33 (38) HPs)
             Began as a Naga Transmuter on June 8, 2021.
             Slain by a hobgoblin (3 damage)
             ... led by Robin
             ... on level 2 of the Dungeon.
             The game lasted 00:09:25 (2723 turns).

Ethylacetat the Ruffian (Naga Transmuter)           Turns: 2723, Time: 00:09:25

HP:   -1/33 (38)    AC:  2    Str: 13    XL:     4   Next: 79%
MP:   1/7           EV: 10    Int: 14    God:
Gold: 86            SH:  0    Dex: 11    Spells: 4/8 levels left

rFire    . . .     SeeInvis +     - Unarmed
rCold    . . .     Faith    .   (no shield)
rNeg     . . .     Spirit   .   a - +0 robe
rPois    +         Reflect  .   (no helmet)
rElec    .         Harm     .   (no cloak)
rCorr    .         Rampage  .   (no gloves)
Will     .....                  (no barding)
Stlth    +.........             (no amulet)
HPRegen  0.11/turn              (no ring)
MPRegen  0.10/turn              (no ring)

@: short of breath, very slightly contaminated, heavily drained, very slow
A: AC +1, large, see invisible, deformed body, poison resistance, slowness 2,
spit poison 1, naga tail 1
a: Spit Poison


You were on level 2 of the Dungeon.
You visited 1 branch of the dungeon, and saw 3 of its levels.

You collected 86 gold pieces.

Inventory:

Armour
 a - a +0 robe (worn)
Jewellery
 g - a ring of see invisible
Wands
 h - a wand of acid (5)
 m - a wand of iceblast (5)
Scrolls
 b - 5 scrolls of identify {unknown}
 c - a scroll of amnesia {unknown}
 d - a scroll of teleportation {unknown}
 e - a scroll of magic mapping {unknown}
 i - a scroll of immolation {unknown}
 j - a scroll of fear {unknown}
 o - a scroll of torment {unknown}
Potions
 f - a potion of magic {unknown}
 k - a potion of resistance {unknown}
 l - a potion of heal wounds {unknown}
 n - a potion of lignification {unknown}
 p - a potion of degeneration {unknown}


   Skills:
 - Level 1.1 Fighting
 - Level 2.0 Dodging
 - Level 0.2 Stealth
 - Level 3.9 Unarmed Combat
 + Level 2.6 Spellcasting
 + Level 2.6 Transmutations
 + Level 1.8 Poison Magic


You had 4 spell levels left.
You knew the following spells:

 Your Spells              Type           Power      Damage    Failure   Level
a - Beastly Appendage     Tmut           18%        N/A       8%          1
b - Spider Form           Tmut/Pois      4%         N/A       26%         3

Your spell library contained the following spells:

 Spells                   Type           Power      Damage    Failure   Level
 Wereblood                Tmut           9%         N/A       11%         2
 Magic Dart               Conj           4%         1d3       22%         1
 Blink                    Tloc           N/A        N/A       34%         2
 Call Imp                 Summ           1%         N/A       34%         2
 Slow                     Hex            1%         N/A       34%         2
 Mephitic Cloud           Conj/Pois/Air  3%         N/A       45%         3
 Conjure Flame            Conj/Fire      1%         6-21      56%         3
 Ice Form                 Ice/Tmut       5%         N/A       78%         4
 Hydra Form               Tmut           4%         N/A       90%         5


Dungeon Overview and Level Annotations

Branches:
Dungeon (3/15)

Altars:

Shops:
D:1 !

Annotations:
D:3 Robin


Innate Abilities, Weirdness & Mutations

Your serpentine skin is tough. (AC +1)
You have supernaturally acute eyesight. (SInv)
Armour fits poorly on your strangely shaped body.
Your system is resistant to poisons. (rPois)
You cover ground very slowly.
You can spit poison.
You have a snake-like lower body.


Message History

Your transformation has ended.
Your +0 robe unmelds from your body.
You have got your breath back.
The goblin hits you with a +1 dagger of draining.
You feel drained. The hobgoblin hits you.
Press: ? - help, Shift-Dir - straight line, f - hobgoblin
Aim: a hobgoblin (strong)
The splash of poison misses the hobgoblin.
The goblin hits you with a +1 dagger of draining.
You feel drained. The hobgoblin hits you. The goblin misses you.
The hobgoblin hits you.
* * * LOW HITPOINT WARNING * * *
You climb upwards.
You have got your breath back.
There is a stone staircase leading down here.
Casting: Spider Form (quite dangerous; 26% risk of failure)
Confirm with . or Enter, or press ? or * to list all spells.
The spell is quite dangerous to cast (26% risk of failure)!
Continue anyway?
You miscast Spider Form.
You are very lightly contaminated with residual magic.
Nothing appears to happen.
The hobgoblin no longer looks unusually strong.
The goblin hits you but does no damage.
You feel drained. The hobgoblin closely misses you.
Press: ? - help, Shift-Dir - straight line, f - goblin
Aim: a goblin, wielding a +1 dagger of draining (strong)
The splash of poison misses the goblin.
The goblin barely misses you. The hobgoblin hits you.
* * * LOW HITPOINT WARNING * * *
Casting: Spider Form (quite dangerous; 26% risk of failure)
Confirm with . or Enter, or press ? or * to list all spells.
Okay, then.
You barely miss the goblin.
The goblin no longer looks unusually strong.
The goblin hits you with a +1 dagger of draining.
* * * LOW HITPOINT WARNING * * *
You feel drained.
* * * LOW HITPOINT WARNING * * *
You closely miss the goblin. The hobgoblin hits you.
You die...

#.......########.#
#.......########.#
#................#
#................#
#................#
######...........#
#...........#
######.........gg#
...............)@#
....######.#######
...........#
........####
........#
........#
.######## .# .#


You could see a hobgoblin and a goblin.

Vanquished Creatures
  3 gnolls
  2 adders (D:2)
  2 dart slugs (D:1)
  7 ball pythons
  4 bats
  4 endoplasms (D:1)
  A giant cockroach (D:1)
  9 goblins
  7 hobgoblins
  2 quokkas
  2 frilled lizards (D:1)
  4 kobolds
  4 rats
51 creatures vanquished.

Notes
Turn   | Place    | Note
-------+----------+-------------------------------------------
     0 | D:1      | Ethylacetat the Naga Transmuter began the quest for the
                  | Orb.
     0 | D:1      | Reached XP level 1. HP: 18/18 MP: 3/3
   296 | D:1      | Found a faded altar of an unknown god.
   316 | D:1      | Reached XP level 2. HP: 25/25 MP: 5/5
   531 | D:1      | Found Paamojue's Distillery.
   730 | D:1      | Reached XP level 3. HP: 31/31 MP: 6/6
   736 | D:1      | Learned a level 3 spell: Spider Form
  2027 | D:2      | Reached XP level 4. HP: 38/38 MP: 7/7
  2122 | D:2      | Reached skill level 1 in Poison Magic
  2660 | D:3      | Noticed Robin
  2723 | D:2      | Slain by a hobgoblin

Illustrated notes

Levels and vault maps discovered:
D:1:      ncdulo_wetmaze, layout_basic,
          hellmonk_ecumenical_altar_pennies_from_heaven, serial_shops, shop
D:2:      layout_basic
D:3:      layout_rooms, uniq_robin

Skill      XL: |  1  2  3  4 |
---------------+-------------+-----
Dodging        | 2 |  2.0
Poison Magic   | 1 |  1.8
Fighting       | |  1.1
Stealth        | |  0.2
Unarmed Combat | |  3.9
Spellcasting   | |  2.6
Transmutations | |  2.6

Action                   |  1- 3 |  4- 6 || total
-------------------------+-------+-------++-------
Melee: Unarmed           |    76 |    38 ||   114
       Punch             |     1 |       ||     1
 Cast: Spider Form       |       |     3 ||     3
 Abil: Spit Poison       |    35 |    13 ||    48
Armor: Robe              |    15 |     4 ||    19
       Skin              |       |     1 ||     1
Dodge: Dodged            |    45 |    41 ||    86

Table legend: (Time is in decaauts)
 A = Elapsed time spent in this place.
 B = Non-inter-level travel time spent in this place.
 C = Inter-level travel time spent in this place.
 D = Time resting spent in this place.
 E = Time spent auto-exploring this place.
 F = Levels seen in this place.
 G = Mean time per level.
                   A        B        C        D        E       F      G
               +--------+--------+--------+--------+--------+-----+--------+
         Total |   3327 |   3294 |     33 |      0 |   2919 |   3 | 1109.0 |
       Dungeon |   3327 |   3294 |     33 |      0 |   2919 |   3 | 1109.0 |
               +--------+--------+--------+--------+--------+-----+--------+

Top non-repeatable levels by time:
     D:1: 1308 daAuts
     D:2: 1302 daAuts
     D:3: 716 daAuts
